 Dungeon Crawl Stone Soup version 0.27.1-33-g824d729ab1 (webtiles) character file.

Game seed: 3841031686476438176

69 Descartes the Ducker (level 4, 0/19 HPs)
             Began as a Felid Warper on Nov 25, 2021.
             Slain by a gnoll (4 damage)
             ... on level 3 of the Dungeon.
             The game lasted 00:04:34 (3588 turns).

Descartes the Ducker (Felid Warper)                 Turns: 3588, Time: 00:04:34

Health: 0/19       AC:  5    Str: 14    XL:     4   Next: 2%
Magic:  8/8        EV: 19    Int: 14    God:
Gold:   194        SH:  0    Dex: 15    Spells: 5/7 levels left
                                        Lives:  0   Deaths: 1

rFire    . . .     SeeInvis +     - Unarmed
rCold    . . .     Faith    .   (shield unavailable)
rNeg     . . .     Spirit   .   (armour unavailable)
rPois    .         Reflect  .   (helmet unavailable)
rElec    .         Harm     .   (cloak unavailable)
rCorr    .         Rampage  .   (gloves unavailable)
Will     .....                  (boots unavailable)
Stlth    ++........             (no amulet)
HPRegen  0.06/turn              d - +4 ring of protection
MPRegen  0.11/turn              q - +6 ring of strength

@: quick
A: very small, claws 1, fangs 3, see invisible, speed 1, shaggy fur 1, stealthy
paws, no weapons or thrown items, no armour, multi-lived
a: no special abilities


You were on level 3 of the Dungeon.
You visited 1 branch of the dungeon, and saw 4 of its levels.

You collected 194 gold pieces.

Inventory:

Missiles
 b - 108 stones
Jewellery
 d - a +4 ring of protection (left paw)
 e - a ring of protection from cold
 f - a +6 ring of dexterity
 q - a +6 ring of strength (right paw)
Scrolls
 a - a scroll of blinking
 g - 2 scrolls of teleportation {unknown}
 j - a scroll of holy word {unknown}
 k - a scroll of summoning {unknown}
 l - 2 scrolls of identify {unknown}
 n - a scroll of fear {unknown}
 p - a scroll of immolation {unknown}
 r - a scroll of noise {unknown}
Potions
 c - 2 potions of lignification {unknown}
 h - a potion of magic {unknown}
 i - a potion of curing
 m - a potion of flight {unknown}
 o - a potion of resistance {unknown}
 s - 2 potions of attraction {unknown}


   Skills:
 - Level 2.0 Fighting
 * Level 5.5 Dodging
 + Level 3.0 Stealth
 + Level 3.0 Unarmed Combat
 - Level 2.0 Spellcasting
 - Level 4.4 Translocations


You had 5 spell levels left.
You knew the following spells:

 Your Spells              Type           Power      Damage    Failure   Level
a - Blink                 Tloc           N/A        N/A       6%          2

Your spell library contained the following spells:

 Spells                   Type           Power      Damage    Failure   Level
 Gell's Gravitas          Tloc           6%         N/A       12%         3
 Lesser Beckoning         Tloc           6%         N/A       12%         3
 Teleport Other           Tloc           13%        N/A       12%         3
 Animate Skeleton         Necr           2%         N/A       24%         1
 Pain                     Necr           4%         1d4       24%         1
 Summon Guardian Golem    Hex/Summ       1%         N/A       56%         3
 Vampiric Draining        Necr           0%         2d6       56%         3
 Manifold Assault         Tloc           13%        N/A       73%         5
 Orb of Destruction       Conj           0%         N/A       100%        7
 Spellforged Servitor     Conj/Summ      0%         N/A       100%        7


Dungeon Overview and Level Annotations

Branches:
Dungeon (4/15)
 Temple: D:4-7

Altars:
Uskayaw

Shops:
D:1 =   D:2 [


Innate Abilities, Weirdness & Mutations

You have sharp claws.
You have razor-sharp teeth.
You have supernaturally acute eyesight. (SInv)
You cover ground quickly. (Speed+)
You are covered in fur. (AC +1)
Your paws help you pounce on unaware monsters.
You are incapable of wielding weapons or throwing items.
You cannot wear armour.
You gain extra lives every three experience levels.


Message History

The gnoll shaman hits you with a +0 club.
You scratch the gnoll shaman.
The gnoll shaman is moderately wounded.
The gnoll shaman hits you with a +0 club.
You claw the gnoll shaman!
The gnoll shaman is severely wounded.
You scratch the gnoll shaman but do no damage.
You bite the gnoll shaman.
The gnoll shaman is severely wounded.
The gnoll shaman mumbles some strange prayers to its god against you.
You resist with some effort.
You scratch the gnoll shaman but do no damage.
The gnoll shaman is severely wounded.
The gnoll closely misses you.
The gnoll shaman mumbles some strange prayers to its god.
The gnoll shaman is healed somewhat.
You scratch the gnoll shaman but do no damage.
The gnoll shaman is heavily wounded.
The gnoll hits you from afar with a +0 halberd.
* * * LOW HITPOINT WARNING * * *
The gnoll closely misses you. The gnoll shaman barely misses you.
The gnoll shaman calls upon its god to speed up the gnoll.
The gnoll seems to speed up.
The gnoll shaman calls upon its god to speed up the gnoll.
The gnoll seems to speed up.
The gnoll shaman mumbles some strange prayers to its god.
The gnoll shaman is healed somewhat.
The gnoll misses you.
Things that are here:
a +0 club; a goblin corpse The gnoll hits you with a +0 club.
* * * LOW HITPOINT WARNING * * *
The gnoll barely misses you. The gnoll hits you but does no damage.
The gnoll barely misses you.
There is a stone staircase leading up here.
The gnoll misses you. The gnoll closely misses you. x2
You climb upwards.
There is a stone staircase leading down here.
The gnoll hits you with a +0 club.
You die...

#.#........#................####.
#.###'####.#........#.#####......
#..........##.........#####.#####
...##....................##.###
....##########.#...)..##......#
......................##......#
##.....######.........##...(..#
.......######.........##......###
#......##.......@................
#......<#.#####..g....#..####.###
.....####.............#.......#
.....####..####...#>..........###
.....##..........................
.....##.....................(.###
#.#####........#.#.#....#####.###
#.#####.................# #....
#...........######.##...#####.###


You could see a gnoll (fast).

Vanquished Creatures
  4 gnolls
  3 adders (D:3)
  2 worms
  A dart slug (D:1)
  7 ball pythons
  4 bats
  2 endoplasms
  2 giant cockroaches
  3 hobgoblins
  3 jackals (D:3)
  6 kobolds
  4 quokkas
  3 frilled lizards
  8 goblins
  A rat (D:2)
53 creatures vanquished.

Notes
Turn   | Place    | Note
-------+----------+-------------------------------------------
     0 | D:1      | Descartes the Felid Warper began the quest for the Orb.
     0 | D:1      | Reached XP level 1. HP: 9/9 MP: 4/4
   234 | D:1      | Reached skill level 1 in Stealth
   474 | D:1      | Reached XP level 2. HP: 13/13 MP: 6/6
   597 | D:1      | Found Lapt's Jewellery Shoppe.
   985 | D:1      | Learned a level 2 spell: Blink
  1089 | D:1      | Reached skill level 4 in Dodging
  1463 | D:2      | Reached XP level 3. HP: 12/16 MP: 7/7
  1724 | D:2      | Found a hide-covered altar of Uskayaw.
  1903 | D:2      | Found Amasor's Antique Armour Boutique.
  2244 | D:2      | Reached XP level 4. HP: 19/19 MP: 8/8
  2447 | D:3      | Reached skill level 5 in Dodging
  3225 | D:4      | Noticed a scorpion
  3242 | D:3      | Slain by a scorpion
  3243 | D:3      | Reached XP level 3. HP: -2/16 MP: 7/7
  3493 | D:4      | Reached XP level 4. HP: 15/19 MP: 8/8
  3588 | D:3      | Slain by a gnoll

Illustrated notes

Levels and vault maps discovered:
D:1:      dpeg_arrival_tiny_i, layout_basic, serial_forest,
          infiniplex_forest_lined_ring, infiniplex_forest_clump_diagonal,
          infiniplex_forest_diagonal, infiniplex_forest_zigzag_1,
          infiniplex_forest_lined_3, infiniplex_forest_fountain,
          infiniplex_forest_lined_room_2, infiniplex_forest_end_2,
          infiniplex_forest_straight_2, serial_shops, nicolae_shop_trees
D:2:      layout_basic, basic_altar, serial_shops, shop, kennysheep_minor_cross,
          chequers_serial_rivers_small_b
D:3:      layout_basic
D:4:      layout_loops_ring, mainiacjoe_overflow_catwalk, doesnt_xom_only_xom,
          minitemple, mainiacjoe_overflow_concentric_impassable

Skill      XL: |  1  2  3  4 |
---------------+-------------+-----
Stealth        | 1 3 |  3.0
Dodging        | 4 5 |  5.5
Unarmed Combat | 3 |  3.0
Fighting       | |  2.0
Spellcasting   | |  2.0
Translocations | |  4.4

Action                   |  1- 3 |  4- 6 || total
-------------------------+-------+-------++-------
Melee: Unarmed           |    88 |    77 ||   165
       Bite              |     8 |     5 ||    13
       Punch             |     1 |       ||     1
  Use: Potion            |       |     1 ||     1
 Stab: Sleeping          |     6 |     3 ||     9
Armor: Skin              |     5 |     8 ||    13
Dodge: Dodged            |    74 |    81 ||   155
